 Dungeon Crawl Stone Soup version 0.20.1-1-g8b1a95d (webtiles) character file.

219 karf the Sneak (level 5, -2/24 HPs)
             Began as a Spriggan Enchanter on Oct 28, 2017.
             Slain by Menkaure (14 damage)
             ... on level 4 of the Dungeon.
             The game lasted 00:21:49 (5214 turns).

karf the Sneak (Spriggan Enchanter)                 Turns: 5214, Time: 00:21:50

Health: -2/24      AC:  3    Str:  4    XL:     5   Next: 63%
Magic:  10/10      EV: 20    Int: 17    God:
Gold:   166        SH:  0    Dex: 17    Spells: 7/10 levels left

rFire    . . .     SeeInvis +   a - +1 dagger
rCold    . . .     Gourm    .   (shield restricted)
rNeg     . . .     Faith    .   b - +1 robe
rPois    .         Spirit   .   (helmet restricted)
rElec    .         Reflect  .   (no cloak)
rCorr    .         Harm     .   (gloves unavailable)
MR       .....                  (boots unavailable)
Stlth    ++++......             (no amulet)
Regen    0.1/turn               l - ring of stealth
MPRegen  0.2/turn               (no ring)

@: very quick
A: unfitting armour, see invisible, herbivore 3, speed 3, slow metabolism 2
a: no special abilities


You were on level 4 of the Dungeon.
You were not hungry.

You visited 1 branch of the dungeon, and saw 4 of its levels.

You collected 166 gold pieces.

Inventory:

Hand Weapons
 a - a +1 dagger (weapon)
Armour
 b - a +1 robe (worn)
Jewellery
 l - a ring of stealth (left hand)
Scrolls
 e - 3 scrolls of identify
 h - a scroll of remove curse
 i - 3 scrolls of enchant armour
 q - a scroll of magic mapping {unknown}
 s - a scroll of enchant weapon {unknown}
 u - a scroll of recharging {unknown}
 v - a scroll of teleportation {unknown}
Potions
 f - a potion of resistance {unknown}
 g - 2 potions of agility {unknown}
 j - 3 potions of heal wounds {unknown}
 m - a potion of lignification {unknown}
 n - 2 potions of brilliance {unknown}
 o - a potion of mutation {unknown}
 p - 3 potions of berserk rage
 r - a potion of flight {unknown}
 t - a potion of might {unknown}
Books
 c - a book of Maledictions

   Spells                             Type                      Level
   a - Corona                         Hexes                        1
   b - Ensorcelled Hibernation        Hexes/Ice                    2
   c - Confuse                        Hexes                        3
   d - Tukima's Dance                 Hexes                        3
   e - Dazzling Spray                 Conjuration/Hexes            3
Comestibles
 d - 5 bread rations
 k - a fruit


   Skills:
 + Level 2.9 Short Blades
 + Level 4.9 Dodging
 + Level 5.6 Stealth
 - Level 3.0 Spellcasting
 + Level 5.3 Hexes


You had 7 spell levels left.
You knew the following spells:

 Your Spells              Type           Power        Failure   Level  Hunger
a - Corona                Hex            ###....      1%          1    None
b - Ensorcelled Hibernat  Hex/Ice        ##....       9%          2    ##.....


Dungeon Overview and Level Annotations

Branches:
Dungeon (4/15)
 Temple: D:4-7

Altars:
Elyvilon

Annotations:
D:4 Menkaure


Innate Abilities, Weirdness & Mutations

You are very small and have problems with some larger weapons.
You are too small for most types of armour.
You have supernaturally acute eyesight. (SInv)
You are a herbivore.
You cover ground extremely quickly.
You need consume almost no food.


Message History

There is an escape hatch in the ceiling here.
You start resting.
HP restored.
There is an escape hatch in the ceiling here.
You catch the helpless Menkaure completely off-guard!
You puncture Menkaure!
Menkaure is almost destroyed.
Menkaure hits you!
Ouch! That really hurt!
You hit Menkaure.
Menkaure is almost destroyed.
Menkaure points at you and mumbles some strange words.
You resist with significant effort.
You barely miss Menkaure.
Menkaure is almost destroyed.
You hit Menkaure but do no damage.
Menkaure is almost destroyed.
Menkaure hits you!
Ouch! That really hurt!
You die...

##.### ...# #...#
.#.. ###.# . ##
#<########## #.
####.##.....<.#
#........####.##
#.##.##........#
#.##.##..#..#..####.#
#.##...<......@M....#
#.#####........######
#.#####........#
#..)[..(########
#########


You could see Menkaure.

Vanquished Creatures
  Natasha (twice) (D:2)
  Terence (D:3)
  5 adders
  An ooze (D:1)
  A dart slug (D:1)
  12 orcs
  A ball python (D:3)
  13 bats
  8 giant cockroaches
  14 goblins
  5 hobgoblins
  4 frilled lizards
  7 kobolds
  7 rats
81 creatures vanquished.

Notes
Turn   | Place    | Note
-------+----------+-------------------------------------------
     0 | D:1      | karf the Spriggan Enchanter began the quest for the Orb.
     0 | D:1      | Reached XP level 1. HP: 9/9 MP: 5/5
   531 | D:1      | Reached XP level 2. HP: 12/13 MP: 6/6
   846 | D:1      | Learned a level 2 spell: Ensorcelled Hibernation
  1234 | D:1      | Reached XP level 3. HP: 13/16 MP: 3/8
  1991 | D:2      | Found a white marble altar of Elyvilon.
  1992 | D:2      | Noticed Terence
  2489 | D:2      | Noticed Natasha
  2491 | D:2      | Killed Natasha
  2491 | D:2      | Reached skill level 5 in Stealth
  2491 | D:2      | Reached XP level 4. HP: 21/21 MP: 9/9
  2558 | D:2      | Noticed Natasha
  2566 | D:2      | Killed Natasha
  3654 | D:3      | Reached XP level 5. HP: 11/24 MP: 7/10
  4317 | D:3      | Killed Terence
  4317 | D:3      | Reached skill level 5 in Hexes
  4935 | D:4      | Noticed Menkaure
  5214 | D:4      | Slain by Menkaure

Skill      XL: |  1  2  3  4  5 |
---------------+----------------+-----
Hexes          | 4 5 |  5.3
Spellcasting   | 3 |  3.0
Short Blades   | 2 |  2.9
Dodging        | 4 |  4.9
Stealth        | 5 |  5.6

Action                   |  1- 3 |  4- 6 || total
-------------------------+-------+-------++-------
Melee: Dagger            |   156 |   185 ||   341
 Cast: Ensorcelled Hiber |    27 |    44 ||    71
  Use: Scroll            |       |     4 ||     4
 Stab: Sleeping          |    21 |    24 ||    45
       Fleeing           |       |     1 ||     1
       Distracted        |       |     1 ||     1
  Eat: Fruit             |     1 |       ||     1
       Bread ration      |       |     1 ||     1
Armor: Robe              |     8 |    15 ||    23
Dodge: Dodged            |   127 |   152 ||   279
